 Dungeon Crawl Stone Soup version 0.16.1 (webtiles) character file.

132 ketsa the Chopper (level 5, -2/45 HPs)
             Began as a Hill Orc Abyssal Knight on Mar 23, 2015.
             Was a Priest of Lugonu.
             Slain by a worker ant (5 damage)
             ... on level 4 of the Dungeon.
             The game lasted 00:10:10 (3293 turns).

ketsa the Chopper (Hill Orc Abyssal Knight)         Turns: 3293, Time: 00:10:10

Health: -2/45      AC:  5    Str: 16    XL:     5   Next: 15%
Magic:  6/6        EV: 10    Int: 12    God:    Lugonu [***...]
Gold:   94         SH:  0    Dex: 10    Spells: 0 memorised, 4 levels left

rFire  . . .     SeeInvis .     a - +1 hand axe
rCold  . . .     Clarity  .     d - +0 ring mail
rNeg   . . .     SustAb   .     (no shield)
rPois  .         Gourm    .     (no helmet)
rElec  .         Spirit   .     (no cloak)
rCorr  .         Warding  .     (no gloves)
rMut   .         Stasis   .     (no boots)
MR     .....                    (no amulet)
Stlth  ..........               (no ring)
                                (no ring)

@: lethally poisoned (-2 -> -15), flying, heavily drained, not resistant to
hostile enchantments, extremely unstealthy
A: no striking features
a: Depart the Abyss, Bend Space, Banish, Renounce Religion


You were on level 4 of the Dungeon.
You worshipped Lugonu.
Lugonu was most pleased with you.
You were not hungry.

You visited 1 branch of the dungeon, and saw 4 of its levels.
You visited the Abyss 1 time.

You collected 94 gold pieces.

Inventory:

Hand weapons
 a - a +1 hand axe (weapon)
 j - a +0 blowgun
 m - a +0 blowgun
 p - a +2 vampiric spear
Missiles
 g - 8 tomahawks (quivered)
 l - 24 poisoned needles
Armour
 b - a +0 leather armour
 d - a +0 ring mail (worn)
 h - a +0 plate armour
 k - a +0 ring mail
 q - a +0 chain mail
Scrolls
 o - 2 scrolls of identify
 s - 3 scrolls of remove curse
Potions
 i - a potion of restore abilities
Comestibles
 c - 2 meat rations
 f - a beef jerky
 n - 2 chunks of flesh


   Skills:
 - Level 3.6(1.8) Fighting
 * Level 6.8(4.9) Axes
 - Level 2.1(0.4) Armour
 - Level 0.7(0.0) Dodging
 - Level 2.4(0.6) Invocations


You had 4 spell levels left.
You didn't know any spells.

Dungeon Overview and Level Annotations

Branches:
Dungeon (4/15)
 Temple: D:4-7

Altars:
Cheibriados


Message History

The worker ant is severely wounded.
You feel sick.
The worker ant bites you but does no damage.
Drink which item? (? for menu, Esc to quit)
It was a potion of flight.
You feel very buoyant.
You fly up into the air.
The worker ant bites you.
* * * LOW HITPOINT WARNING * * *
You barely miss the worker ant.
The worker ant is severely wounded.
You feel sick. The worker ant bites you.
* * * LOW HITPOINT WARNING * * *
You are more poisoned.
The worker ant poisons you!
Unknown command.
You hit the worker ant.
The worker ant is almost dead.
* * * LOW HITPOINT WARNING * * *
You feel sick. The worker ant bites you.
You die...

....##...##.#
..#
##..##...##.#
#.#
....(.......#
#.#
#.#.#######.#
#.# ..#.# #)#
#.# ## .# #.#
##.## . #.#
... #.# #a#
#.####@#
#......#
########


You could see a worker ant.

Vanquished Creatures
  4 adders
  A giant mite (D:1)
  A worm (D:3)
  5 giant geckos
  An ooze (D:4)
  2 orcs
  13 bats
  7 goblins
  11 hobgoblins
  11 kobolds
  A quokka (D:2)
  A ball python (D:1)
  A giant cockroach (D:2)
  4 giant newts
  5 jackals
  10 rats
78 creatures vanquished.

Notes
Turn   | Place    | Note
--------------------------------------------------------------
     0 | Abyss:1  | ketsa, the Hill Orc Abyssal Knight, began the quest for the Orb.
     0 | Abyss:1  | Reached XP level 1. HP: 19/19 MP: 1/1
    43 | D:1      | Escaped the Abyss
   271 | D:1      | Reached XP level 2. HP: 26/26 MP: 2/2
   397 | D:1      | Reached skill level 4 in Axes
   459 | D:1      | Acquired Lugonu's second power
   518 | D:1      | Reached XP level 3. HP: 29/31 MP: 4/4
  1049 | D:2      | Reached skill level 5 in Axes
  1508 | D:2      | Reached XP level 4. HP: 39/39 MP: 5/5
  2047 | D:2      | Found a snail-covered altar of Cheibriados.
  2195 | D:2      | Reached skill level 6 in Axes
  2623 | D:3      | Acquired Lugonu's third power
  3102 | D:3      | Reached XP level 5. HP: 41/45 MP: 6/6
  3293 | D:4      | Slain by a worker ant

Action                   |  1- 3 |  4- 6 || total
-------------------------+-------+-------++-------
Melee: Hand axe          |   132 |   253 ||   385
Invok: Bend Space        |       |     1 ||     1
  Use: Scroll            |     2 |     2 ||     4
       Potion            |       |     3 ||     3
  Eat: Chunk             |     1 |     7 ||     8
